 Dungeon Crawl Stone Soup version 0.22.1-1-ga44c0e5 (webtiles) character file.

92 robertstho the Magician (level 4, -3/36 HPs)
             Began as a Deep Elf Wizard on Oct 2, 2018.
             Slain by a gnoll
             ... wielding a +0 whip
              (10 damage)
             ... on level 3 of the Dungeon.
             The game lasted 00:07:15 (2854 turns).

robertstho the Magician (Deep Elf Wizard)           Turns: 2854, Time: 00:07:16

Health: -3/36      AC:  4    Str:  9    XL:     4   Next: 35%
Magic:  1/13       EV: 13    Int: 24    God:
Gold:   75         SH:  0    Dex: 13    Spells: 8/13 levels left

rFire    . . .     SeeInvis .   k - -2 dagger (curse)
rCold    . . .     Gourm    .   (no shield)
rNeg     . . .     Faith    .   a - +0 robe
rPois    .         Spirit   .   b - +0 hat
rElec    .         Reflect  .   p - +0 cloak
rCorr    .         Harm     .   (no gloves)
MR       .....                  o - +0 pair of boots
Stlth    ..........             (no amulet)
HPRegen  0.12/turn              (no ring)
MPRegen  0.13/turn              (no ring)

@: berserking, very quick
A: no striking features
a: no special abilities


You were on level 3 of the Dungeon.
You were hungry.

You visited 1 branch of the dungeon, and saw 3 of its levels.

You collected 75 gold pieces.

Inventory:

Hand Weapons
 e - a +0 short sword
 f - a +0 whip
 j - a +0 dagger
 k - a cursed -2 dagger (weapon)
Missiles
 m - 27 sling bullets
Armour
 a - a +0 robe (worn)
 b - a +0 hat (worn)
 l - a +2 shield
 o - a +0 pair of boots (worn)
 p - a +0 cloak (worn)
Scrolls
 g - a scroll of identify
 h - a scroll of enchant armour
 i - a scroll of fear {unknown}
 n - a scroll of blinking {unknown}
 q - a scroll of enchant weapon {unknown}
 r - a scroll of magic mapping {unknown}
 s - a scroll of immolation {unknown}
 w - a scroll of remove curse {unknown}
Potions
 c - 2 potions of berserk rage
 u - a potion of lignification {unknown}
 v - a potion of mutation {unknown}
Comestibles
 d - 4 rations
 t - 3 chunks of flesh


   Skills:
 + Level 0.2 Fighting
 + Level 0.3 Short Blades
 * Level 3.5 Dodging
 * Level 3.3 Stealth
 + Level 5.1 Spellcasting
 + Level 2.2 Conjurations
 + Level 1.5 Summonings
 + Level 1.1 Translocations


You had 8 spell levels left.
You knew the following spells:

 Your Spells              Type           Power        Failure   Level  Hunger
a - Magic Dart            Conj           ###.         3%          1    None
b - Blink                 Tloc           N/A          9%          2    None
c - Call Imp              Summ           ##......     7%          2    None

Your spell library contained the following spells:

 Spells                   Type           Power        Failure   Level  Hunger
 Slow                     Hex            #.......     13%         2    None
 Conjure Flame            Conj/Fire      ##......     17%         3    ##.....
 Mephitic Cloud           Conj/Pois/Air  #.......     19%         3    ##.....


Dungeon Overview and Level Annotations

Branches:
Dungeon (3/15)

Altars:


Message History

The jackal barely misses you.
You see here a scroll labeled GYUPLE WOXURIA.
w - a scroll labeled GYUPLE WOXURIA The jackal barely misses you.
The gnoll closely misses you. The jackal misses you.
Casting: Magic Dart (safe; 3% risk of failure)
Confirm with . or Enter, or press ? or * to list all spells.
Aiming: Magic Dart (safe; 3% risk of failure)
Press: ? - help, Shift-Dir - straight line, f/p - gnoll
Aim: a gnoll, wielding a whip (almost dead)
The magic dart hits the gnoll.
The gnoll is almost dead.
You are feeling hungry.
The jackal closely misses you. The gnoll hits you with a whip!
* * * LOW HITPOINT WARNING * * *
A red film seems to cover your vision as you go berserk!
You feel yourself moving faster!
You feel mighty!
The jackal bites you but does no damage.
The gnoll hits you with a whip!
You die...

#.P..≈≈≈.#
#....≈≈≈.#
#....≈5≈.#
#....≈≈≈.#
#....≈≈≈.#
#....≈≈###
#....≈≈#
#..hg≈≈#
#..@.≈≈#
#....≈≈≈≈≈≈
#....≈≈≈≈≈≈
#..........
#......P...
###########


You could see a gnoll, a jackal and a friendly crimson imp.

Vanquished Creatures
  An adder (D:2)
  2 dart slugs
  A leopard gecko (D:2)
  4 ball pythons
  6 bats
  5 giant cockroaches
  8 goblins
  5 hobgoblins
  4 jackals
  6 kobolds
  2 quokkas (D:2)
  2 frilled lizards (D:1)
  6 rats
52 creatures vanquished.

Vanquished Creatures (collateral kills)
  2 adders (D:2)
  A gnoll (D:3)
  A jackal (D:3)
4 creatures vanquished.

Grand Total: 56 creatures vanquished

Notes
Turn   | Place    | Note
-------+----------+-------------------------------------------
     0 | D:1      | robertstho the Deep Elf Wizard began the quest for the Orb.
     0 | D:1      | Reached XP level 1. HP: 10/10 MP: 7/7
   323 | D:1      | Reached XP level 2. HP: 15/15 MP: 7/9
   643 | D:1      | Reached skill level 5 in Spellcasting
  1094 | D:1      | Learned a level 2 spell: Blink
  1097 | D:1      | Learned a level 2 spell: Call Imp
  1280 | D:1      | Reached XP level 3. HP: 16/19 MP: 0/11
  2407 | D:2      | Reached XP level 4. HP: 24/24 MP: 5/13
  2854 | D:3      | Slain by a gnoll

Skill      XL: |  1  2  3 |
---------------+----------+-----
Spellcasting   | 5 |  5.1
Stealth        | 3 |  3.3
Dodging        | 3 |  3.5
Conjurations   | 2 |  2.2
Fighting       | |  0.2
Short Blades   | |  0.3
Summonings     | |  1.5
Translocations | |  1.1

Action                   |  1- 3 |  4- 6 || total
-------------------------+-------+-------++-------
Melee: Whip              |    24 |       ||    24
       Dagger            |    56 |       ||    56
 Cast: Magic Dart        |    93 |    30 ||   123
       Call Imp          |     4 |     4 ||     8
  Use: Scroll            |     3 |       ||     3
       Potion            |       |     1 ||     1
 Stab: Sleeping          |     1 |       ||     1
  Eat: Chunk             |     1 |     1 ||     2
       Ration            |     1 |       ||     1
Armor: Robe              |    20 |    10 ||    30
Dodge: Dodged            |   102 |    32 ||   134
